 Dungeon Crawl Stone Soup version 0.23.2-40-g277498a001 (webtiles) character file.

Game seed: 6648791226218337623

361 Martska the Ducker (level 6, -9/47 HPs)
             Began as a Merfolk Ice Elementalist on Sept 30, 2019.
             Mangled by an ogre
             ... wielding a +0 giant club
              (27 damage)
             ... on level 3 of the Dungeon.
             The game lasted 00:19:08 (5515 turns).

Martska the Ducker (Merfolk Ice Elementalist)       Turns: 5515, Time: 00:19:09

Health: -9/47      AC:  4    Str:  9    XL:     6   Next: 66%
Magic:  10/10      EV: 14    Int: 14    God:
Gold:   103        SH:  0    Dex: 16    Spells: 7/10 levels left

rFire    . . .     SeeInvis .   o - -3 glaive (curse)
rCold    . . .     Gourm    .   (shield currently unavailable)
rNeg     . . .     Faith    .   n - +1 leather armour
rPois    .         Spirit   .   (no helmet)
rElec    .         Reflect  .   (no cloak)
rCorr    .         Harm     .   (no gloves)
MR       .....                  (no boots)
Stlth    ++........             (no amulet)
HPRegen  0.15/turn              (no ring)
MPRegen  0.12/turn              (no ring)

@: no status effects
A: change form in water, swift swim, stealthy swim
a: no special abilities


You were on level 3 of the Dungeon.
You were not hungry.

You visited 1 branch of the dungeon, and saw 4 of its levels.

You collected 103 gold pieces.

Inventory:

Hand Weapons
 d - a +0 club
 o - a cursed -3 glaive (weapon)
 p - a cursed -1 spear
Missiles
 j - 60 bolts
Armour
 a - a +0 robe
 n - a +1 leather armour (worn)
Scrolls
 f - 3 scrolls of identify
 i - a scroll of enchant armour
 k - 3 scrolls of teleportation
Potions
 e - a potion of lignification
 h - 2 potions of curing {unknown}
 m - 3 potions of mutation {unknown}


   Skills:
 * Level 3.4 Fighting
 * Level 2.6 Polearms
 * Level 5.1 Dodging
 + Level 3.4 Stealth
 + Level 2.8 Spellcasting
 - Level 0.7 Conjurations
 + Level 4.1 Ice Magic


You had 7 spell levels left.
You knew the following spells:

 Your Spells              Type           Power        Failure   Level  Hunger
a - Freeze                Ice            ##..         5%          1    #......
b - Throw Frost           Conj/Ice       #.....       17%         2    ###....

Your spell library contained the following spells:

 Spells                   Type           Power        Failure   Level  Hunger
 Ozocubu's Armour         Chrm/Ice       #.......     36%         3    ###....
 Throw Icicle             Conj/Ice       #.......     75%         4    #####..
 Summon Ice Beast         Ice/Summ       #.......     78%         4    #####..


Dungeon Overview and Level Annotations

Branches:
Dungeon (4/15)
 Temple: D:4-7

Altars:
Cheibriados
Nemelex Xobeh
Ru
Trog
Uskayaw
Zin


Message History

Aim: an ogre, wielding a +0 giant club (moderately wounded)
You freeze the ogre.
The ogre is heavily wounded.
The ogre barely misses you.
Casting: Freeze (safe; 5% risk of failure)
Confirm with . or Enter, or press ? or * to list all spells.
Aiming: Freeze (safe; 5% risk of failure)
Press: ? - help, Shift-Dir - straight line, f/p - ogre
Aim: an ogre, wielding a +0 giant club (heavily wounded)
You freeze the ogre.
The ogre is severely wounded.
The ogre hits you with a +0 giant club!!
* * * LOW HITPOINT WARNING * * *
You see here a +0 flail.
Things that are here:
a leather armour; a ring mail
There is a stone staircase leading up here.
The ogre hits you with a +0 giant club!!
Ouch! That really hurt!
You die...

############ #######...........
#@......########## #O#######
############ #o##### #..........#
#.....# ###.########.#
#.###.####### ....# #.#
#.###.......#
############.###...#######.######
######.......o..[..# #.......
.[...........####..# ########


You could see an ogre and an orc.

Vanquished Creatures
  A sky beast (D:3)
  A scorpion (D:3)
  A howler monkey (D:3)
  An orc wizard (D:3)
  A worker ant (D:3)
  3 adders
  5 oozes
  5 worms
  4 leopard geckos
  5 orcs (D:3)
  4 bats
  2 giant cockroaches (D:3)
  6 goblins
  4 hobgoblins
  2 quokkas
  A ball python (D:3)
  4 frilled lizards
  9 kobolds
  8 rats
67 creatures vanquished.

Notes
Turn   | Place    | Note
-------+----------+-------------------------------------------
     0 | D:1      | Martska the Merfolk Ice Elementalist began the quest for
                  | the Orb.
     0 | D:1      | Reached XP level 1. HP: 13/13 MP: 3/3
   209 | D:1      | Reached skill level 3 in Dodging
   254 | D:1      | Reached XP level 2. HP: 17/20 MP: 1/5
   274 | D:1      | Reached skill level 1 in Fighting
   929 | D:1      | Reached XP level 3. HP: 25/26 MP: 6/6
  1149 | D:2      | Learned a level 2 spell: Throw Frost
  1153 | D:2      | Found a sacrificial altar of Ru.
  1645 | D:2      | Reached XP level 4. HP: 29/33 MP: 1/7
  2283 | D:2      | Found a sparkling altar of Nemelex Xobeh.
  3250 | D:3      | Noticed an ogre
  3261 | D:3      | Reached skill level 4 in Dodging
  3261 | D:3      | Reached XP level 5. HP: 15/39 MP: 2/8
  3650 | D:3      | Noticed a moth of wrath
  3653 | D:3      | Found a bloodstained altar of Trog.
  4287 | D:3      | Found a hide-covered altar of Uskayaw.
  4337 | D:3      | Found a snail-covered altar of Cheibriados.
  4779 | D:3      | Found a glowing silver altar of Zin.
  4849 | D:4      | Noticed a sky beast
  4882 | D:3      | Reached skill level 1 in Polearms
  4887 | D:3      | Reached XP level 6. HP: 47/47 MP: 4/10
  5093 | D:3      | Killed a sky beast
  5093 | D:3      | Reached skill level 5 in Dodging
  5515 | D:3      | Mangled by an ogre

Skill      XL: |  1  2  3  4  5  6 |
---------------+-------------------+-----
Dodging        | 3 4 5 |  5.1
Fighting       | 1 2 3 |  3.4
Stealth        | 3 |  3.4
Polearms       | 1 2 |  2.6
Ice Magic      | 4 |  4.1
Spellcasting   | |  2.8
Conjurations   | |  0.7

Action                   |  1- 3 |  4- 6 || total
-------------------------+-------+-------++-------
Melee: Club              |    41 |    70 ||   111
       Unarmed           |     1 |       ||     1
       Glaive            |       |    58 ||    58
 Cast: Freeze            |    35 |    50 ||    85
       Throw Frost       |     5 |    18 ||    23
  Use: Potion            |       |     6 ||     6
       Scroll            |       |     4 ||     4
 Stab: Sleeping          |       |     4 ||     4
       Invisible         |       |     1 ||     1
  Eat: Ration            |     1 |     3 ||     4
       Chunk             |       |     6 ||     6
Armor: Robe              |    13 |    18 ||    31
       Leather armour    |       |    54 ||    54
       Skin              |       |     5 ||     5
Dodge: Dodged            |    66 |   236 ||   302
